3AA
CASPER GHOSTS @ BELVEDERE PARK RAWHIDES
05/03/2038
 
TOP OF THE 1ST
Casper Ghosts batting - Pitching for Belvedere Park Rawhides : RHP Ramón Tassis
Pitching: RHP Ramón Tassis
Batting: SHB Armond Buonaiuti 0-0: Ball
1-0: Ball
2-0: Ball
3-0: Base on Balls
Batting: RHB Luigino Colombo 0-0: Ball
Armond Buonaiuti steals 2nd base (no throw)
1-0: Ball
2-0: Ball
3-0: Base on Balls
Batting: RHB Walke Mehoff 0-0: Called Strike
0-1: Ball
1-1: Ground out 5-3 (Groundball, 56S, EV 67.5 MPH)
Armond Buonaiuti to third
Luigino Colombo to second
Batting: LHB General Booty 0-0: Ball
1-0: Swinging Strike
1-1: SINGLE (Groundball, 2L, EV 70.0 MPH) (infield hit)
Batting: RHB Bogdan Lissenberg 0-0: Ball
1-0: Called Strike
1-1: Ball
2-1: Called Strike
2-2: Ball
3-2: Foul Ball, location: 2F
3-2: Base on Balls
Armond Buonaiuti scores
Luigino Colombo to third
General Booty to second
Batting: LHB Duk-yeo Chin 0-0: Ball
1-0: SINGLE (Line Drive, 9S, EV 90.0 MPH)
Luigino Colombo scores
General Booty to third
Bogdan Lissenberg to second
Batting: RHB Thom Scribbner 0-0: Swinging Strike
0-1: GRAND SLAM HOME RUN (Flyball, 7LD, EV 105.0 MPH), Distance : 366 ft
Batting: RHB Carlos Moreno 0-0: Swinging Strike
0-1: Called Strike
0-2: Strikes out swinging
Batting: RHB Pedro Ortíz 0-0: Ball
1-0: Ground out 4-3 (Groundball, 4, EV 81.9 MPH)
Top of the 1st over - 6 runs, 3 hits, 0 errors, 0 left on base; Casper 6 - Belvedere Park 0
BOTTOM OF THE 1ST
Belvedere Park Rawhides batting - Pitching for Casper Ghosts : LHP Raúl Hinojosa
Pitching: LHP Raúl Hinojosa
Batting: RHB Enrique De La Rosa 0-0: Called Strike
0-1: Called Strike
0-2: Ball
1-2: Ground out 6-3 (Groundball, 6, EV 86.2 MPH)
Batting: SHB Hélio Capriati 0-0: Ball
1-0: SOLO HOME RUN (Flyball, 7D, EV 103.8 MPH), Distance : 382 ft
Batting: RHB Roger Snodgrass 0-0: Ball
1-0: Ball
2-0: Called Strike
2-1: Called Strike
2-2: Ball
3-2: SOLO HOME RUN (Flyball, 7D, EV 105.0 MPH), Distance : 381 ft
Batting: RHB Richello Oliva 0-0: Ball
1-0: Called Strike
1-1: Ball
2-1: Ball
3-1: Base on Balls
Batting: RHB Junior Young 0-0: Ball
1-0: Foul Ball, location: 2F
1-1: Foul Ball, location: 2F
1-2: Grounds into double play, 5-4-3 (Groundball, 5S, EV 82.5 MPH)
Bottom of the 1st over - 2 runs, 2 hits, 0 errors, 0 left on base; Casper 6 - Belvedere Park 2
TOP OF THE 2ND
Casper Ghosts batting - Pitching for Belvedere Park Rawhides : RHP Ramón Tassis
Batting: SHB Armond Buonaiuti 0-0: Ground out 4-3 (Groundball, 34D, EV 96.2 MPH)
Batting: RHB Luigino Colombo 0-0: Called Strike
0-1: Ground out 6-3 (Groundball, 6, EV 101.9 MPH)
Batting: RHB Walke Mehoff 0-0: Called Strike
0-1: Ball
1-1: Called Strike
1-2: SINGLE (Groundball, 4MD, EV 96.2 MPH)
Pitching: LHP Jang-lu Moy
Batting: LHB General Booty 0-0: Called Strike
0-1: Called Strike
0-2: Ball
1-2: Ball
2-2: Ball
3-2: Foul Ball, location: 2F
3-2: Base on Balls
Walke Mehoff to second
Batting: RHB Bogdan Lissenberg 0-0: Ball
1-0: Ball
2-0: Ball
3-0: Base on Balls
Walke Mehoff to third
General Booty to second
Batting: LHB Duk-yeo Chin 0-0: Ball
1-0: Called Strike
1-1: Ball
2-1: Swinging Strike
2-2: Strikes out looking
Top of the 2nd over - 0 runs, 1 hit, 0 errors, 3 left on base; Casper 6 - Belvedere Park 2
BOTTOM OF THE 2ND
Belvedere Park Rawhides batting - Pitching for Casper Ghosts : LHP Raúl Hinojosa
Batting: RHB Edgar Wright 0-0: Ball
1-0: Called Strike
1-1: Foul Ball, location: 2F
1-2: Foul Ball, location: 2F
1-2: Ground out 5-3 (Groundball, 5S, EV 81.2 MPH)
Batting: RHB Tony Randolph 0-0: Ball
1-0: Ball
2-0: Called Strike
2-1: Swinging Strike
2-2: Ball
3-2: Strikes out looking
Batting: RHB Adam Cunningham 0-0: Swinging Strike
0-1: Ball
1-1: Foul Ball, location: 2F
1-2: SINGLE (Line Drive, 7S, EV 103.8 MPH)
Batting: LHB António Muńóz 0-0: Called Strike
0-1: Swinging Strike
0-2: DOUBLE (Groundball, 3L, EV 109.4 MPH)
Adam Cunningham to third
Runner from 3rd tries for Home, SAFE, no throw by RF
Batting: RHB Enrique De La Rosa 0-0: Swinging Strike
0-1: Called Strike
0-2: Ball
1-2: SINGLE (Flyball, 8LS, EV 97.5 MPH)
António Muńóz to third
Runner from 3rd tries for Home, SAFE, throw by CF to home
Batting: SHB Hélio Capriati 0-0: Called Strike
0-1: Ball
1-1: Foul Ball, location: 2F
1-2: Foul Ball, location: 2F
1-2: Ball
2-2: Ball
3-2: SINGLE (Line Drive, 78S, EV 100.0 MPH)
Enrique De La Rosa to second
Enrique De La Rosa to third
Batting: RHB Roger Snodgrass 0-0: Ball
1-0: Ball
2-0: Swinging Strike
2-1: Ball
3-1: Foul Ball, location: 2F
3-2: Foul Ball, location: 2F
3-2: Ground out 6-3 (Groundball, 6, EV 106.9 MPH)
Bottom of the 2nd over - 2 runs, 4 hits, 0 errors, 2 left on base; Casper 6 - Belvedere Park 4
TOP OF THE 3RD
Casper Ghosts batting - Pitching for Belvedere Park Rawhides : LHP Jang-lu Moy
Batting: RHB Thom Scribbner 0-0: Foul Ball, location: 2F
0-1: Swinging Strike
0-2: Strikes out swinging
Batting: RHB Carlos Moreno 0-0: Ball
1-0: Ball
2-0: Ball
3-0: Base on Balls
Batting: RHB Pedro Ortíz 0-0: Called Strike
0-1: Ball
1-1: Ball
2-1: Ball
3-1: Foul Ball, location: 2F
3-2: SINGLE (Groundball, 4MD, EV 102.5 MPH)
Carlos Moreno to second
Runner from 2nd tries for 3rd, SAFE, throw by CF made to third
Batting: SHB Armond Buonaiuti 0-0: Ball
Wild Pitch!
Carlos Moreno scores
Pedro Ortíz to second
1-0: Ball
2-0: Foul Ball, location: 2F
2-1: Ground out U3 (Groundball, 34, EV 85.0 MPH)
Pedro Ortíz to third
Batting: RHB Luigino Colombo 0-0: Fly out, F4 (Popup, 3S, EV 74.4 MPH)
Top of the 3rd over - 1 run, 1 hit, 0 errors, 1 left on base; Casper 7 - Belvedere Park 4
BOTTOM OF THE 3RD
Belvedere Park Rawhides batting - Pitching for Casper Ghosts : LHP Raúl Hinojosa
Batting: RHB Richello Oliva 0-0: Foul Ball, location: 2F
0-1: Ball
1-1: Foul Ball, location: 2F
1-2: Ball
2-2: Ball
3-2: SINGLE (Flyball, 89M, EV 91.9 MPH)
Batting: RHB Junior Young 0-0: Ball
1-0: Called Strike
1-1: Foul Ball, location: 2F
1-2: Strikes out looking
Batting: RHB Edgar Wright 0-0: Ball
1-0: Called Strike
1-1: Called Strike
1-2: Ball
2-2: Foul Ball, location: 2F
2-2: Fly out, F8 (Flyball, 78D, EV 71.9 MPH)
Batting: RHB Tony Randolph 0-0: Ball
1-0: Ball
2-0: Ball
3-0: Base on Balls
Richello Oliva to second
Batting: RHB Adam Cunningham 0-0: Ball
1-0: Ball
2-0: Fly out, F7 (Flyball, 7S, EV 77.5 MPH)
Bottom of the 3rd over - 0 runs, 1 hit, 0 errors, 2 left on base; Casper 7 - Belvedere Park 4
TOP OF THE 4TH
Casper Ghosts batting - Pitching for Belvedere Park Rawhides : LHP Jang-lu Moy
Batting: RHB Walke Mehoff 0-0: Ball
1-0: Foul Ball, location: 2F
1-1: Swinging Strike
1-2: Fly out, F4 (Flyball, 4MD, EV 80.0 MPH)
Batting: LHB General Booty 0-0: Ball
1-0: Fly out, F7 (Flyball, 7LMF, EV 88.8 MPH)
Batting: RHB Bogdan Lissenberg 0-0: Ball
1-0: Swinging Strike
1-1: Swinging Strike
1-2: Strikes out looking
Top of the 4th over - 0 runs, 0 hits, 0 errors, 0 left on base; Casper 7 - Belvedere Park 4
BOTTOM OF THE 4TH
Belvedere Park Rawhides batting - Pitching for Casper Ghosts : LHP Raúl Hinojosa
Batting: LHB António Muńóz 0-0: Ball
1-0: Ground out 6-3 (Groundball, 6, EV 80.6 MPH)
Batting: RHB Enrique De La Rosa 0-0: Ball
1-0: Swinging Strike
1-1: Ball
2-1: Called Strike
2-2: Foul Ball, location: 2F
2-2: Ball
3-2: Base on Balls
Batting: SHB Hélio Capriati 0-0: Ball
1-0: Called Strike
1-1: Ball
2-1: SINGLE (Line Drive, 7S, EV 90.0 MPH)
Enrique De La Rosa to second
Batting: RHB Roger Snodgrass 0-0: Ball
1-0: Ball
2-0: Foul Ball, location: 2F
2-1: Called Strike
2-2: Grounds into double play, 6-4-3 (Groundball, 6, EV 83.1 MPH)
Bottom of the 4th over - 0 runs, 1 hit, 0 errors, 1 left on base; Casper 7 - Belvedere Park 4
TOP OF THE 5TH
Casper Ghosts batting - Pitching for Belvedere Park Rawhides : LHP Jang-lu Moy
Batting: LHB Duk-yeo Chin 0-0: Ball
1-0: Ball
2-0: Called Strike
2-1: SINGLE (Line Drive, 34, EV 103.8 MPH)
Batting: RHB Thom Scribbner 0-0: Bunted foul
0-1: Sac Bunt to P - play at first, batter OUT! 1-4
Duk-yeo Chin to second
Batting: RHB Carlos Moreno 0-0: Ground out 5-3 (Groundball, 56, EV 83.8 MPH)
Batting: RHB Pedro Ortíz 0-0: Ball
1-0: Foul Ball, location: 2F
1-1: TRIPLE (Flyball, 8RXD, EV 92.5 MPH)
Duk-yeo Chin scores
Batting: SHB Armond Buonaiuti 0-0: Ball
1-0: Ball
2-0: Called Strike
2-1: Called Strike
2-2: Ball
3-2: SINGLE (Groundball, 56D, EV 93.8 MPH)
Pedro Ortíz scores
Batting: RHB Luigino Colombo 0-0: Called Strike
0-1: Swinging Strike
0-2: Foul Ball, location: 2F
0-2: Ball
1-2: Ball
2-2: Foul Ball, location: 2F
2-2: Strikes out swinging
Top of the 5th over - 2 runs, 3 hits, 0 errors, 1 left on base; Casper 9 - Belvedere Park 4
BOTTOM OF THE 5TH
Belvedere Park Rawhides batting - Pitching for Casper Ghosts : LHP Raúl Hinojosa
Batting: RHB Richello Oliva 0-0: Foul Ball, location: 2F
0-1: Ground out 5-3 (Groundball, 56, EV 101.9 MPH)
Batting: RHB Junior Young 0-0: Called Strike
0-1: SINGLE (Line Drive, 78M, EV 98.8 MPH)
Batting: RHB Edgar Wright 0-0: Foul Ball, location: 2F
0-1: Ball
1-1: SINGLE (Groundball, 6MD, EV 96.2 MPH)
Junior Young to second
Batting: RHB Tony Randolph 0-0: Called Strike
0-1: Ball
1-1: Ball
2-1: Foul Ball, location: 2F
2-2: Strikes out swinging
Pitching: LHP Geoffroy Cadaloba
Batting: RHB Adam Cunningham 0-0: Ball
1-0: Ball
2-0: Foul Ball, location: 2F
2-1: Ball
3-1: Base on Balls
Junior Young to third
Edgar Wright to second
Batting: LHB António Muńóz 0-0: Ball
1-0: Foul Ball, location: 2F
1-1: Called Strike
1-2: Ball
2-2: Ball
3-2: Foul Ball, location: 2F
3-2: Strikes out swinging
Bottom of the 5th over - 0 runs, 2 hits, 0 errors, 3 left on base; Casper 9 - Belvedere Park 4
TOP OF THE 6TH
Casper Ghosts batting - Pitching for Belvedere Park Rawhides : LHP Jang-lu Moy
Batting: RHB Walke Mehoff 0-0: Called Strike
0-1: Swinging Strike
0-2: Ball
1-2: Foul Ball, location: 2F
1-2: Ball
2-2: Ground out 6-3 (Groundball, 6S, EV 92.5 MPH)
Pitching: RHP Roy Brown
Batting: LHB General Booty 0-0: Ball
1-0: Called Strike
1-1: Ball
2-1: Ball
3-1: Base on Balls
Batting: RHB Bogdan Lissenberg 0-0: Called Strike
0-1: Swinging Strike
0-2: Foul Ball, location: 2F
0-2: Ball
1-2: Ball
2-2: Ball
3-2: Strikes out swinging
Batting: LHB Duk-yeo Chin 0-0: Called Strike
0-1: SINGLE (Line Drive, 7S, EV 103.1 MPH)
General Booty to second
Batting: RHB Thom Scribbner 0-0: Ball
1-0: SINGLE (Line Drive, 8LS, EV 107.5 MPH)
General Booty to third
Duk-yeo Chin to second
Runner from 3rd tries for Home, SAFE, no throw by CF
Batting: RHB Carlos Moreno 0-0: Swinging Strike
0-1: Ball
1-1: Foul Ball, location: 2F
1-2: SINGLE (Line Drive, 4MD, EV 107.5 MPH)
Duk-yeo Chin to third
Thom Scribbner to second
Runner from 3rd tries for Home, SAFE, throw by CF to home
Thom Scribbner to third
Carlos Moreno to second
Batting: RHB Pedro Ortíz 0-0: Swinging Strike
0-1: Ball
1-1: Foul Ball, location: 2F
1-2: Fly out, F7 (Flyball, 7S, EV 88.8 MPH)
Top of the 6th over - 2 runs, 3 hits, 0 errors, 2 left on base; Casper 11 - Belvedere Park 4
BOTTOM OF THE 6TH
Belvedere Park Rawhides batting - Pitching for Casper Ghosts : LHP Geoffroy Cadaloba
Batting: RHB Enrique De La Rosa 0-0: Called Strike
0-1: Swinging Strike
0-2: Strikes out looking
Batting: SHB Hélio Capriati 0-0: Ball
1-0: Ball
2-0: Ground out 1-3 (Groundball, 13, EV 69.4 MPH)
Batting: RHB Roger Snodgrass 0-0: Ball
1-0: Ball
2-0: Ground out U3 (Groundball, 3S, EV 79.4 MPH)
Bottom of the 6th over - 0 runs, 0 hits, 0 errors, 0 left on base; Casper 11 - Belvedere Park 4
TOP OF THE 7TH
Casper Ghosts batting - Pitching for Belvedere Park Rawhides : RHP Roy Brown
Batting: SHB Armond Buonaiuti 0-0: Foul Ball, location: 2F
0-1: Ball
1-1: Ball
2-1: Fly out, F9 (Flyball, 9S, EV 96.2 MPH)
Batting: RHB Luigino Colombo 0-0: Ground out U3 (Groundball, 3, EV 85.0 MPH)
Batting: RHB Walke Mehoff 0-0: Called Strike
0-1: Foul Ball, location: 2F
0-2: Strikes out swinging
Top of the 7th over - 0 runs, 0 hits, 0 errors, 0 left on base; Casper 11 - Belvedere Park 4
BOTTOM OF THE 7TH
Belvedere Park Rawhides batting - Pitching for Casper Ghosts : LHP Geoffroy Cadaloba
Batting: RHB Richello Oliva 0-0: Fly out, F4 (Popup, 4MD, EV 46.2 MPH)
Batting: RHB Junior Young 0-0: Ball
1-0: Ball
2-0: Called Strike
2-1: DOUBLE (Line Drive, 78D, EV 100.0 MPH)
Batting: RHB Edgar Wright 0-0: Called Strike
0-1: Ball
1-1: Foul Ball, location: 2F
1-2: Ball
2-2: Foul Ball, location: 2F
2-2: Foul Ball, location: 2F
2-2: Fly out, F8 (Flyball, 8LS, EV 71.2 MPH)
Batting: RHB Tony Randolph 0-0: Foul Ball, location: 2F
0-1: Ball
1-1: Foul Ball, location: 2F
1-2: Ground out U3 (Groundball, 3, EV 95.6 MPH)
Bottom of the 7th over - 0 runs, 1 hit, 0 errors, 1 left on base; Casper 11 - Belvedere Park 4
TOP OF THE 8TH
Casper Ghosts batting - Pitching for Belvedere Park Rawhides : RHP Roy Brown
Batting: LHB General Booty 0-0: Ball
1-0: Ball
2-0: Called Strike
2-1: Foul Ball, location: 2F
2-2: Ball
3-2: Fly out, F8 (Flyball, 8LD, EV 100.6 MPH)
Batting: RHB Bogdan Lissenberg 0-0: Ball
1-0: Foul Ball, location: 2F
1-1: Called Strike
1-2: Foul Ball, location: 2F
1-2: Strikes out looking
Batting: LHB Duk-yeo Chin 0-0: Called Strike
0-1: Ball
1-1: Called Strike
1-2: Foul Ball, location: 2F
1-2: Foul Ball, location: 2F
1-2: Ball
2-2: Foul Ball, location: 2F
2-2: Foul Ball, location: 2F
2-2: Fly out, F7 (Line Drive, 7, EV 89.4 MPH)
Top of the 8th over - 0 runs, 0 hits, 0 errors, 0 left on base; Casper 11 - Belvedere Park 4
BOTTOM OF THE 8TH
Belvedere Park Rawhides batting - Pitching for Casper Ghosts : LHP Geoffroy Cadaloba
Batting: RHB Adam Cunningham 0-0: Ball
1-0: Called Strike
1-1: Ball
2-1: Ball
3-1: SINGLE (Flyball, 7S, EV 85.6 MPH)
Batting: LHB António Muńóz 0-0: Foul Ball, location: 2F
0-1: Foul Ball, location: 2F
0-2: Ball
1-2: SINGLE (Groundball, 6MD, EV 105.6 MPH)
Adam Cunningham to second
Batting: RHB Enrique De La Rosa 0-0: Called Strike
0-1: Foul Ball, location: 2F
0-2: Ground out 6-3 (Groundball, 6, EV 88.1 MPH)
Adam Cunningham to third
António Muńóz to second
Batting: SHB Hélio Capriati 0-0: Ball
1-0: Foul Ball, location: 2F
1-1: SINGLE (Groundball, 4S, EV 69.4 MPH) (infield hit)
Adam Cunningham scores
António Muńóz to third
Batting: RHB Roger Snodgrass 0-0: Swinging Strike
0-1: Foul Ball, location: 2F
0-2: Foul Ball, location: 2F
0-2: Strikes out swinging
Batting: RHB Richello Oliva 0-0: Foul Ball, location: 2F
0-1: Swinging Strike
0-2: Strikes out looking
Bottom of the 8th over - 1 run, 3 hits, 0 errors, 2 left on base; Casper 11 - Belvedere Park 5
TOP OF THE 9TH
Casper Ghosts batting - Pitching for Belvedere Park Rawhides : RHP Roy Brown
Batting: RHB Thom Scribbner 0-0: Called Strike
0-1: Swinging Strike
0-2: SOLO HOME RUN (Flyball, 78XD, EV 86.9 MPH), Distance : 414 ft
Pitching: LHP Elliot Rickard
Batting: RHB Carlos Moreno 0-0: Called Strike
0-1: Ground out 5-3 (Groundball, 5, EV 87.5 MPH)
Pinch Hitting: RHB Reese Boyer 0-0: Swinging Strike
0-1: Ground out 6-3 (Groundball, 6MS, EV 88.1 MPH)
Batting: SHB Armond Buonaiuti 0-0: Ball
1-0: Fly out, F6 (Line Drive, 6, EV 68.8 MPH)
Top of the 9th over - 1 run, 1 hit, 0 errors, 0 left on base; Casper 12 - Belvedere Park 5
BOTTOM OF THE 9TH
Belvedere Park Rawhides batting - Pitching for Casper Ghosts : LHP Geoffroy Cadaloba
Now at SS: Reese Boyer
Batting: RHB Junior Young 0-0: Called Strike
0-1: Ground out 4-3 (Groundball, 4, EV 105.6 MPH)
Batting: RHB Edgar Wright 0-0: Foul Ball, location: 2F
0-1: Called Strike
0-2: Ball
1-2: SINGLE (Flyball, 9S, EV 98.8 MPH)
Pitching: RHP Gary Johnson
Batting: RHB Tony Randolph 0-0: Ball
1-0: Ball
2-0: Called Strike
2-1: Fly out, F7 (Line Drive, 7, EV 90.0 MPH)
Batting: RHB Adam Cunningham 0-0: Called Strike
0-1: Fly out, F8 (Flyball, 8LS, EV 88.8 MPH)
Bottom of the 9th over - 0 runs, 1 hit, 0 errors, 1 left on base; Casper 12 - Belvedere Park 5
Friday, April 17th, 2020 - OOTP Baseball 20.8 Build 74